PAAA
BLOOMINGTON LONGNECKS @ ALLOWAY HALBERDS
06/08/2020
 
TOP OF THE 1ST
Bloomington Longnecks batting - Pitching for Alloway Halberds : RHP José Alfonzo
Pitching: RHP José Alfonzo
Batting: RHB Jim Unknown 0-0: Ball
1-0: Ball
2-0: Called Strike
2-1: Fly out, F7 (Flyball, 7LM)
Batting: RHB Jim Unknown 0-0: Fly out, F4 (Popup, 34D)
Batting: RHB Jim Unknown 0-0: Swinging Strike
0-1: Ball
1-1: Ground out 5-3 (Groundball, 5)
Top of the 1st over - 0 run(s), 0 hit(s), 0 error(s), 0 left on base; Bloomington 0 - Alloway 0
BOTTOM OF THE 1ST
Alloway Halberds batting - Pitching for Bloomington Longnecks : RHP Jim Unknown
Pitching: RHP Jim Unknown
Batting: RHB Daniel Molina 0-0: Ball
1-0: Called Strike
1-1: Foul Ball, location: 2F
1-2: Fly out, F2 (Popup, 2RF)
Batting: RHB Bill Stewart 0-0: Ball
1-0: Swinging Strike
1-1: Ball
2-1: Ball
3-1: Base on Balls
Batting: RHB Jonathan Cundall 0-0: Called Strike
Bill Stewart is caught stealing 2nd base
0-1: Fly out, F9 (Flyball, 89M)
Bottom of the 1st over - 0 run(s), 0 hit(s), 0 error(s), 0 left on base; Bloomington 0 - Alloway 0
TOP OF THE 2ND
Bloomington Longnecks batting - Pitching for Alloway Halberds : RHP José Alfonzo
Batting: SHB Jim Unknown 0-0: Called Strike
0-1: Called Strike
0-2: Ball
1-2: Foul Ball, location: 2F
1-2: Ball
2-2: Fly out, F8 (Flyball, 8LS)
Batting: RHB Jim Unknown 0-0: Ball
1-0: Swinging Strike
1-1: Ball
2-1: Ground out 5-3 (Groundball, 6)
Batting: RHB Jim Unknown 0-0: Called Strike
0-1: Ground out 4-3 (Groundball, 4)
Top of the 2nd over - 0 run(s), 0 hit(s), 0 error(s), 0 left on base; Bloomington 0 - Alloway 0
BOTTOM OF THE 2ND
Alloway Halberds batting - Pitching for Bloomington Longnecks : RHP Jim Unknown
Batting: LHB Mathew Rose 0-0: Ball
1-0: Foul Ball, location: 2F
1-1: Swinging Strike
1-2: Foul Ball, location: 2F
1-2: Ground out U3 (Groundball, 3L)
Batting: RHB Juan Martínez 0-0: Ball
1-0: Called Strike
1-1: Fly out, F8 (Flyball, 8RS)
Batting: RHB Orlando López 0-0: Called Strike
0-1: Ball
1-1: Foul Ball, location: 2F
1-2: Foul Ball, location: 2F
1-2: Strikes out looking
Bottom of the 2nd over - 0 run(s), 0 hit(s), 0 error(s), 0 left on base; Bloomington 0 - Alloway 0
TOP OF THE 3RD
Bloomington Longnecks batting - Pitching for Alloway Halberds : RHP José Alfonzo
Batting: RHB Jim Unknown 0-0: Swinging Strike
0-1: Ball
1-1: Swinging Strike
1-2: Foul Ball, location: 2F
1-2: Strikes out swinging
Batting: LHB Jim Unknown 0-0: Ball
1-0: Foul Ball, location: 2F
1-1: Ball
2-1: Foul Ball, location: 2F
2-2: Fly out, F8 (Line Drive, 8LD)
Batting: LHB Jim Unknown 0-0: Ball
1-0: Ball
2-0: Ball
3-0: Called Strike
3-1: Foul Ball, location: 2F
3-2: SINGLE (Line Drive, 3L)
Batting: RHB Jim Unknown 0-0: Called Strike
0-1: SINGLE (Groundball, 6MD)
Jim Unknown to second
Runner from 2nd tries for 3rd, SAFE, throw made to third
Jim Unknown to second
Batting: RHB Jim Unknown 0-0: Ball
1-0: Ball
2-0: Ball
3-0: Called Strike
3-1: Foul Ball, location: 2F
3-2: Strikes out swinging
Top of the 3rd over - 0 run(s), 2 hit(s), 0 error(s), 2 left on base; Bloomington 0 - Alloway 0
BOTTOM OF THE 3RD
Alloway Halberds batting - Pitching for Bloomington Longnecks : RHP Jim Unknown
Batting: RHB Mark Davis 0-0: Foul Ball, location: 2F
0-1: Ball
1-1: Foul Ball, location: 2F
1-2: SINGLE (Line Drive, 56D)
Batting: LHB Kenji Takahashi 0-0: Ball
1-0: Ball
2-0: Called Strike
2-1: Called Strike
2-2: Fly out, F8 (Flyball, 8LM)
Batting: RHB Mike Davis 0-0: Ball
1-0: Ball
2-0: Foul Ball, location: 2F
2-1: Swinging Strike
2-2: 2-RUN HOME RUN (Flyball, 9D), Distance : 386 ft
Batting: RHB Daniel Molina 0-0: Called Strike
0-1: Ball
1-1: Called Strike
1-2: Foul Ball, location: 2F
1-2: Ball
2-2: Fly out, F3 (Popup, 34)
Batting: RHB Bill Stewart 0-0: Fly out, F9 (Line Drive, 89M)
Bottom of the 3rd over - 2 run(s), 2 hit(s), 0 error(s), 0 left on base; Bloomington 0 - Alloway 2
TOP OF THE 4TH
Bloomington Longnecks batting - Pitching for Alloway Halberds : RHP José Alfonzo
Batting: RHB Jim Unknown 0-0: Ball
1-0: Ball
2-0: Called Strike
2-1: Ball
3-1: Base on Balls
Batting: SHB Jim Unknown 0-0: Ball
1-0: Foul Ball, location: 2F
1-1: Ball
2-1: Ball
3-1: Base on Balls
Jim Unknown to second
Batting: RHB Jim Unknown 0-0: Swinging Strike
0-1: Ball
1-1: Called Strike
1-2: Foul Ball, location: 2F
1-2: Strikes out swinging
Batting: RHB Jim Unknown 0-0: Ball
Jim Unknown steals 3rd base
Jim Unknown to second
1-0: Called Strike
1-1: Ball
2-1: Fly out, F9 (Flyball, 89D)
Runner from 3rd tags up, SCORES, no throw
Pitching: RHP Steve Terry
Batting: RHB Jim Unknown 0-0: Ball
1-0: Ball
2-0: Foul Ball, location: 2F
2-1: Ball
3-1: Base on Balls
Batting: LHB Jim Unknown 0-0: Ground out U3 (Groundball, 3S)
Top of the 4th over - 1 run(s), 0 hit(s), 0 error(s), 2 left on base; Bloomington 1 - Alloway 2
BOTTOM OF THE 4TH
Alloway Halberds batting - Pitching for Bloomington Longnecks : RHP Jim Unknown
Batting: RHB Jonathan Cundall 0-0: Ground out 6-3 (Groundball, 6)
Batting: LHB Mathew Rose 0-0: Ground out 6-3 (Groundball, 6M)
Batting: RHB Juan Martínez 0-0: Foul Ball, location: 2F
0-1: Ground out 6-3 (Groundball, 6M)
Bottom of the 4th over - 0 run(s), 0 hit(s), 0 error(s), 0 left on base; Bloomington 1 - Alloway 2
TOP OF THE 5TH
Bloomington Longnecks batting - Pitching for Alloway Halberds : RHP Steve Terry
Batting: LHB Jim Unknown 0-0: Ball
1-0: Foul Ball, location: 2F
1-1: Foul Ball, location: 2F
1-2: Fly out, F7 (Flyball, 78D)
Batting: RHB Jim Unknown 0-0: Foul Ball, location: 2F
0-1: Ball
1-1: DOUBLE (Line Drive, 5D)
Batting: RHB Jim Unknown 0-0: Ball
1-0: Called Strike
1-1: Fly out, F9 (Flyball, 9M)
Batting: RHB Jim Unknown 0-0: Ball
1-0: Fly out, F9 (Flyball, 9M)
Top of the 5th over - 0 run(s), 1 hit(s), 0 error(s), 1 left on base; Bloomington 1 - Alloway 2
BOTTOM OF THE 5TH
Alloway Halberds batting - Pitching for Bloomington Longnecks : RHP Jim Unknown
Batting: RHB Orlando López 0-0: Called Strike
0-1: Ball
1-1: Ball
2-1: Foul Ball, location: 2F
2-2: Foul Ball, location: 2F
2-2: Ball
3-2: Foul Ball, location: 2F
3-2: Fly out, F8 (Flyball, 8RM)
Batting: RHB Mark Davis 0-0: Called Strike
0-1: DOUBLE (Line Drive, 9D)
Batting: LHB Kenji Takahashi 0-0: Ball
1-0: Foul Ball, location: 2F
1-1: 2-RUN HOME RUN (Flyball, 89XD), Distance : 429 ft
Batting: RHB Mike Davis 0-0: Ball
1-0: Foul Ball, location: 2F
1-1: Ball
2-1: Ball
3-1: Ground out 6-3 (Groundball, 6)
Batting: RHB Daniel Molina 0-0: Foul Ball, location: 2F
0-1: Ground out 6-3 (Groundball, 6M)
Bottom of the 5th over - 2 run(s), 2 hit(s), 0 error(s), 0 left on base; Bloomington 1 - Alloway 4
TOP OF THE 6TH
Bloomington Longnecks batting - Pitching for Alloway Halberds : RHP Steve Terry
Batting: SHB Jim Unknown 0-0: Ground out 4-3 (Groundball, 4)
Batting: RHB Jim Unknown 0-0: Ball
1-0: Ball
2-0: Foul Ball, location: 2F
2-1: Ball
3-1: Called Strike
3-2: Foul Ball, location: 2F
3-2: Fly out, F8 (Flyball, 8RM)
Batting: RHB Jim Unknown 0-0: Ball
1-0: Called Strike
1-1: Fly out, F8 (Flyball, 8LM)
Top of the 6th over - 0 run(s), 0 hit(s), 0 error(s), 0 left on base; Bloomington 1 - Alloway 4
BOTTOM OF THE 6TH
Alloway Halberds batting - Pitching for Bloomington Longnecks : RHP Jim Unknown
Batting: RHB Bill Stewart 0-0: Ground out 4-3 (Groundball, 4)
Batting: RHB Jonathan Cundall 0-0: Called Strike
0-1: Called Strike
0-2: Strikes out swinging
Batting: LHB Mathew Rose 0-0: SINGLE (Line Drive, 3D)
Batting: RHB Juan Martínez 0-0: Called Strike
0-1: Swinging Strike
0-2: Strikes out swinging
Bottom of the 6th over - 0 run(s), 1 hit(s), 0 error(s), 1 left on base; Bloomington 1 - Alloway 4
TOP OF THE 7TH
Bloomington Longnecks batting - Pitching for Alloway Halberds : RHP Steve Terry
Pitching: RHP Jim Unknown
Batting: RHB Jim Unknown 0-0: Called Strike
0-1: Foul Ball, location: 2F
0-2: Fly out, F2 (Popup, 2RF)
Batting: LHB Jim Unknown 0-0: Called Strike
0-1: Ball
1-1: Ball
2-1: Ball
3-1: Base on Balls
Batting: LHB Jim Unknown 0-0: Foul Ball, location: 2F
0-1: Ball
1-1: Ball
2-1: Foul Ball, location: 2F
2-2: Fly out, F4 (Popup, 9S)
Batting: RHB Jim Unknown 0-0: 2-RUN HOME RUN (Flyball, 78XD), Distance : 439 ft
Batting: RHB Jim Unknown 0-0: Ball
1-0: Foul Ball, location: 2F
1-1: Called Strike
1-2: Ball
2-2: Foul Ball, location: 2F
2-2: Ball
3-2: Foul Ball, location: 2F
3-2: Base on Balls
Batting: RHB Jim Unknown 0-0: Ball
1-0: Called Strike
1-1: Ball
2-1: Fielders Choice at 2nd, 5-4 (Groundball, 56)
Top of the 7th over - 2 run(s), 1 hit(s), 0 error(s), 0 left on base; Bloomington 3 - Alloway 4
BOTTOM OF THE 7TH
Alloway Halberds batting - Pitching for Bloomington Longnecks : RHP Jim Unknown
Batting: RHB Orlando López 0-0: Swinging Strike
0-1: Foul Ball, location: 2F
0-2: Ball
1-2: Strikes out swinging
Batting: RHB Mark Davis 0-0: Called Strike
0-1: Ball
1-1: Fly out, F7 (Line Drive, 7D)
Batting: LHB Kenji Takahashi 0-0: Ball
1-0: Foul Ball, location: 2F
1-1: Ball
2-1: Ground out U3 (Groundball, 3S)
Bottom of the 7th over - 0 run(s), 0 hit(s), 0 error(s), 0 left on base; Bloomington 3 - Alloway 4
TOP OF THE 8TH
Bloomington Longnecks batting - Pitching for Alloway Halberds : RHP Jim Unknown
Pitching: RHP Darwin von Loen
Batting: SHB Jim Unknown 0-0: Foul Ball, location: 2F
0-1: Foul Ball, location: 2F
0-2: Ball
1-2: SINGLE (Line Drive, 6M)
Batting: RHB Jim Unknown 0-0: Called Strike
0-1: Ball
1-1: Foul Ball, location: 2F
1-2: Ball
2-2: Foul Ball, location: 2F
2-2: Foul Ball, location: 2F
2-2: Ball
3-2: Base on Balls
Jim Unknown to second
Batting: RHB Jim Unknown 0-0: Ball
1-0: Fly out, F2 (Popup, 2RF)
Batting: RHB Jim Unknown 0-0: Ball
1-0: Ball
2-0: Ground out 4-3 (Groundball, 13)
Jim Unknown to third
Jim Unknown to second
Pitching: LHP Mario Jiménez
Batting: LHB Jim Unknown 0-0: Ground out 4-3 (Groundball, 4)
Top of the 8th over - 0 run(s), 1 hit(s), 0 error(s), 2 left on base; Bloomington 3 - Alloway 4
BOTTOM OF THE 8TH
Alloway Halberds batting - Pitching for Bloomington Longnecks : RHP Jim Unknown
Batting: RHB Mike Davis 0-0: Ball
1-0: Ball
2-0: SINGLE (Line Drive, 6M)
Batting: RHB Daniel Molina 0-0: Sac Bunt - play at first, batter OUT! 5-4
Mike Davis to second
Pinch Hitting: LHB Luis Gutiérrez 0-0: Intentional Walk
Pitching: RHP Jim Unknown
Batting: RHB Jonathan Cundall 0-0: Called Strike
0-1: Fly out, F8 (Flyball, 8RM)
Batting: LHB Mathew Rose 0-0: Ball
1-0: Swinging Strike
1-1: SINGLE (Flyball, 7S)
Mike Davis to third
Luis Gutiérrez to second
Runner from 3rd tries for Home, SAFE, no throw or cutoff
Batting: RHB Juan Martínez 0-0: Fielders Choice at 2nd, 6-4 (Groundball, 6)
Bottom of the 8th over - 1 run(s), 2 hit(s), 0 error(s), 1 left on base; Bloomington 3 - Alloway 5
TOP OF THE 9TH
Bloomington Longnecks batting - Pitching for Alloway Halberds : LHP Mario Jiménez
Pitching: LHP Jim Unknown
Now at 2B: Neil Ladner
Batting: LHB Jim Unknown 0-0: Foul Ball, location: 2F
0-1: Ball
1-1: Ball
2-1: SINGLE (Line Drive, 4MD)
Pinch Hitting: RHB Jim Unknown 0-0: Fly out, F6 (Popup, 7LS)
Batting: RHB Jim Unknown 0-0: Ball
1-0: Ball
2-0: Ball
3-0: Called Strike
3-1: Foul Ball, location: 2F
3-2: Fielders Choice at 2nd, 6-4 (Groundball, 6M)
Batting: RHB Jim Unknown 0-0: Foul Ball, location: 2F
0-1: Ball
1-1: Foul Ball, location: 2F
1-2: Ball
2-2: Ball
3-2: Foul Ball, location: 2F
3-2: Base on Balls
Jim Unknown to second
Pinch Hitting: RHB Jim Unknown 0-0: Swinging Strike
0-1: Foul Ball, location: 2F
0-2: Ball
1-2: Strikes out looking
Top of the 9th over - 0 run(s), 1 hit(s), 0 error(s), 2 left on base; Bloomington 3 - Alloway 5
This league is powered by Out of the Park Baseball, the baseball management simulation game for PC, Mac and Linux
Friday, October 23rd, 2015 - OOTP Baseball 16.9 Build 39